 Dungeon Crawl Stone Soup version 0.31.0-9-g3a7656b989 (webtiles) character file.

Game seed: 4541842717391348000

102 Tungsten the Firebug (level 4, -2/33 HPs)
             Began as a Hill Orc Fire Elementalist on Jan 25, 2024.
             Was a Believer of Fedhas.
             Killed from afar by Natasha (10 damage)
             ... with a puff of flame
             ... on level 2 of the Dungeon.
             The game lasted 00:07:35 (1642 turns).

Tungsten the Firebug (Hill Orc Fire Elementalist)   Turns: 1642, Time: 00:07:36

Health: -2/33      AC:  2    Str: 10    XL:     4   Next: 77%
Magic:  4/7        EV: 12    Int: 17    God:    Fedhas [**....]
Gold:   14         SH:  0    Dex: 11    Spells: 4/7 levels left

rFire   . . .        e - +0 spear
rCold   . . .        (no shield)
rNeg    . . .        a - +0 robe
rPois   .            (no helmet)
rElec   .            (no cloak)
rCorr   .            (no gloves)
SInv    .            (no boots)
Will    .....        (no amulet)
Stlth   ++           (no ring)
HPRegen 0.25/turn    (no ring)
MPRegen 0.10/turn

%: no passive effects
@: invisible
A: no striking features
a: Renounce Religion, Wall of Briars


You were on level 2 of the Dungeon.
You worshipped Fedhas.
Fedhas was pleased with you.
You visited 1 branch of the dungeon, and saw 2 of its levels.

You collected 48 gold pieces.
You spent 34 gold pieces at shops.

Inventory:

Hand Weapons
 e - a +0 spear (weapon)
Missiles
 d - 16 stones
Armour
 a - a +0 robe (worn)
Jewellery
 i - a ring of ice
Scrolls
 k - a scroll of identify {unknown}
Potions
 b - a potion of magic
 c - a potion of brilliance {unknown}
 f - a potion of lignification {unknown}
 g - 2 potions of attraction {unknown}
 h - a potion of mutation {unknown}
 j - a potion of invisibility
 l - a potion of haste {unknown}


   Skills:
 - Level 1.5 Dodging
 + Level 1.8 Stealth
 + Level 2.1 Spellcasting
 * Level 2.7 Conjurations
 * Level 4.4 Fire Magic


You had 4 spell levels left.
You knew the following spells:

 Your Spells              Type           Power      Damage    Failure   Level
a - Foxfire               Conj/Fire      56%        2x1d6     4%          1
b - Scorch                Fire           32%        2d6       4%          2

Your spell library contained the following spells:

 Spells                   Type           Power      Damage    Failure   Level
 Inner Flame              Hex/Fire       9%         N/A       22%         3
 Volatile Blastmotes      Fire/Tloc      18%        2d11      22%         3
 Flame Wave               Conj/Fire      14%        2d6       41%         4


Dungeon Overview and Level Annotations

Branches:
Dungeon (2/15)

Altars:
Fedhas
Gozag

Shops:
D:1 !*

Annotations:
D:2 Natasha


Message History

You closely miss Natasha.
The foxfire hits Natasha.
Natasha is lightly wounded.
The foxfire hits Natasha but does no damage.
Natasha is lightly wounded.
The bat barely misses you. Natasha claws you but does no damage.
Casting: Foxfire (safe; 4% risk of failure)
Confirm with . or Enter, or press ? or * to list all spells.
You conjure some foxfire!
The bat barely misses you. Natasha claws you.
You hit Natasha but do no damage.
Natasha is lightly wounded.
The foxfire hits Natasha.
Natasha is moderately wounded.
The foxfire hits Natasha.
Natasha is heavily wounded.
The bat completely misses you.
Natasha growls.
Natasha claws you!
* * * LOW HITPOINT WARNING * * *
Casting: Foxfire (safe; 4% risk of failure)
Confirm with . or Enter, or press ? or * to list all spells.
You conjure some foxfire!
The bat barely misses you. The bat hits you but does no damage.
Natasha mumbles some strange words.
You closely miss Natasha.
Natasha is heavily wounded.
The foxfire hits Natasha but does no damage.
Natasha is heavily wounded.
The foxfire hits Natasha but does no damage.
Natasha is heavily wounded.
The bat hits you but does no damage. Natasha closely misses you.
It was a potion of invisibility.
You fade into invisibility!
The cerulean imp hits you from afar with a +1 spear.
* * * LOW HITPOINT WARNING * * *
Natasha wildly gestures.
Natasha shimmers violently.
Natasha zaps a wand.
The puff of flame hits you!
You die...
Natasha curls up and begins to purr.
Fedhas appreciates your contribution to the ecosystem.

.....#..##...........†.........
...†#h.....#h>.......>.........
...##...##.#........†..........
##.....###.#...................
...#..## #.####................
..##.## #.# #........._....
.###.# #.# #..5...... .....#
##.#####h....... .#####
#.......@b.†.)## .#
#..#########.).# .# .... .# ...
.# .. .# ##


You could see Natasha, a cerulean imp (summoned, unable to see you) and a bat.

Vanquished Creatures
  Natasha (twice) (D:2)
  An adder (D:2)
  A dart slug (D:1)
  A ribbon worm (D:2)
  7 endoplasms
  A giant cockroach (D:1)
  5 goblins
  3 hobgoblins (D:1)
  4 quokkas
  A ball python (D:2)
  2 bats
  3 frilled lizards
  3 kobolds
  4 rats (D:1)
38 creatures vanquished.

Vanquished Creatures (others)
  115 foxfires
115 creatures vanquished.

Grand Total: 153 creatures vanquished

Notes
Turn   | Place    | Note
-------+----------+-------------------------------------------
     0 | D:1      | Tungsten the Hill Orc Fire Elementalist began the quest for
                  | the Orb.
     0 | D:1      | Reached XP level 1. HP: 14/14 MP: 3/3
   252 | D:1      | Found a faded altar of an unknown god.
   259 | D:1      | Prayed at the altar of an unknown god.
   259 | D:1      | Became a worshipper of Fedhas Madash
   259 | D:1      | Reached * piety under Fedhas
   320 | D:1      | Reached XP level 2. HP: 20/20 MP: 2/4
   386 | D:1      | Learned a level 2 spell: Scorch
   432 | D:1      | Found Ygryobb's Assorted Antiques.
   440 | D:1      | Bought a smoky orange potion for 20 gold pieces
   885 | D:1      | Found Orihoc's Distillery.
   894 | D:1      | Reached XP level 3. HP: 26/26 MP: 0/5
   971 | D:1      | Bought a potion of degeneration for 14 gold pieces
  1247 | D:2      | Reached ** piety under Fedhas
  1323 | D:2      | Reached skill level 4 in Fire Magic
  1477 | D:2      | Noticed Natasha
  1484 | D:2      | Killed Natasha
  1485 | D:2      | Reached XP level 4. HP: 33/33 MP: 0/7
  1485 | D:2      | Found an opulent altar of Gozag.
  1571 | D:2      | Noticed Natasha
  1575 | D:2      | Killed Natasha
  1620 | D:2      | Noticed Natasha
  1642 | D:2      | Killed from afar by Natasha

Illustrated notes

Levels and vault maps discovered:
D:1:      nzn_arrival_settlement, layout_basic,
          shapermc_ecumenical_altar_mp_highgroup, serial_shops, shop, shop,
          st_stairs_7, minmay_misc_feat_tiny, minmay_misc_feat_cross,
          roderic_nine_men_s_morris
D:2:      layout_rooms, basic_altar, uniq_natasha

Skill      XL: |  1  2  3 |
---------------+----------+-----
Conjurations   | 2 |  2.7
Fire Magic     | 4 |  4.4
Spellcasting   | 2 |  2.1
Dodging        | |  1.5
Stealth        | |  1.8

Action                     |  1- 3 |  4- 6 || total
---------------------------+-------+-------++-------
  Melee: Spear             |     9 |     3 ||    12
   Cast: Foxfire           |    57 |    10 ||    67
    Use: Potion            |       |     1 ||     1
 Armour: Robe              |     6 |    10 ||    16
  Dodge: Dodged            |     5 |     8 ||    13
